 Dungeon Crawl Stone Soup version 0.30-a0-586-g23e55c9e0a (webtiles) character file.

Game seed: 7195146536661430459

5184 NinjaNoafa the Thaumaturge (level 10, -2/76 HPs)
             Began as a Djinni Ice Elementalist on Jan 3, 2023.
             Was an Initiate of Ashenzari.
             Slain by a gnoll sergeant
             ... wielding a +0 halberd
              (5 damage)
             ... in a bailey.
             The game lasted 00:23:12 (9280 turns).

NinjaNoafa the Thaumaturge (DjIE)                   Turns: 9280, Time: 00:23:13

Health: -2/76      AC:  8    Str:  9    XL:     10   Next: 90%
Gold:   510        EV: 18    Int: 15    God:    Ashenzari [......] SH:  5 Dex: 15

rFire   + + .      SeeInvis +    w - +1 dagger (venom)
rCold   . . .      Faith    +    e - +0 buckler
rNeg    . . .      Spirit   .    q - +1 robe {Will+}
rPois   ∞          Reflect  .    c - +0 helmet
rElec   .          Harm     .    H - +0 cloak
rCorr   .          Rampage  .    r - +2 pair of gloves
Will    +++..                    (boots unavailable)
Stlth   ++                       F - amulet "Cursed Minor Irritation" {Faith rC+ Str+2 Int-5 SInv, Self, Melee} (curse)
HPRegen 0.32/turn                g - ring of willpower
MPRegen 0.00/turn                p - +5 ring of evasion

@: flying, studying Ranged Weapons
A: sickness immunity, fire resistance 2, cold vulnerability 1, float, innate
caster, HP casting, extra vitality 1
a: Renounce Religion, Curse Item, Shatter the Chains


You were in a bailey.
You worshipped Ashenzari.
Ashenzari was noncommittal.
You visited 2 branches of the dungeon, and saw 10 of its levels.
You also visited: Bailey.

You collected 510 gold pieces.

Inventory:

Hand Weapons
 k - a +2 dagger of electrocution
 w - a +1 dagger of venom (weapon)
Missiles
 d - 3 silver boomerangs
 m - 8 boomerangs
 D - 12 poisoned darts
 Q - 2 throwing nets
Armour
 c - a +0 helmet (worn)
 e - a +0 buckler (worn)
 q - a +1 robe of willpower (worn)
 r - a +2 pair of gloves (worn)
 E - a +1 robe of positive energy
 H - a +0 cloak (worn)
Jewellery
 g - a ring of willpower (left hand)
 p - a +5 ring of evasion (right hand)
 F - the cursed amulet "Cursed Minor Irritation" (around neck) {Faith rC+ Str+2 Int-5 SInv, Self, Melee}
   (You found it on level 6 of the Dungeon)

   [amulet of faith]

   It allows you to gain divine favour quickly.
   Str:       It affects your strength (+2).
   Int:       It affects your intelligence (-5).
   rC:        It protects you from cold.
   SInv:      It lets you see invisible.
   It has a curse which improves the following skills: Introspection: Fighting
   and Spellcasting.
   Melee Combat: Short Blades, Long Blades, Axes, Maces & Flails, Polearms,
   Staves and Unarmed Combat.
Wands
 n - a wand of flame (25)
 N - a wand of polymorph (8)
 O - a wand of mindburst (6)
 P - a wand of digging (5)
Scrolls
 b - 5 scrolls of identify
 i - 5 scrolls of teleportation
 j - 2 scrolls of vulnerability {unknown}
 o - a scroll of torment {unknown}
 s - 5 scrolls of amnesia {unknown}
 t - a scroll of enchant armour {unknown}
 v - a scroll of silence {unknown}
 y - a scroll of brand weapon {unknown}
 A - 2 scrolls of magic mapping {unknown}
 B - 4 scrolls of blinking {unknown}
 L - a scroll of poison {unknown}
 M - 2 scrolls of noise {unknown}
Potions
 a - a potion of brilliance {unknown}
 f - 2 potions of berserk rage
 h - 2 potions of might {unknown}
 l - a potion of flight {unknown}
 u - 2 potions of haste {unknown}
 x - 2 potions of lignification {unknown}
 z - 2 potions of invisibility {unknown}
 C - 3 potions of degeneration {unknown}
 G - 2 potions of heal wounds {unknown}
 I - 2 potions of cancellation {unknown}
 J - a potion of ambrosia {unknown}
 K - a potion of curing {unknown}


   Skills:
 + Level 7.7(8.1) Fighting
 - Level 1.3(1.6) Short Blades
 - Level 4.0 Dodging
 - Level 1.5 Stealth
 - Level 5.0 Shields
 + Level 9.7(10.1) Spellcasting


You had 9 spell levels left.
You knew the following spells:

 Your Spells              Type           Power      Damage    Failure   Level
a - Freeze                Ice            100%       1d10      1%          1
b - Frozen Ramparts       Ice            76%        1d12      1%          3
c - Ozocubu's Armour      Ice            38%        N/A       1%          3
d - Summon Ice Beast      Ice/Summ       38%        N/A       1%          4
e - Shock                 Conj/Air       100%       1d9       1%          1
f - Blink                 Tloc           76%        N/A       1%          2
g - Scorch                Fire           76%        2d9       1%          2
h - Airstrike             Air            19%        2d(3-19)  1%          4
Your spell library was empty.

Dungeon Overview and Level Annotations

Branches:
Dungeon (9/15)             Temple (1/1) D:6          Bailey (1/1)
   Lair: D:8-11         Orc: D:9-12

Altars:
Ashenzari
Cheibriados
Dithmenos
Elyvilon
Fedhas
Gozag
Hepliaklqana
Makhleb
Nemelex Xobeh
Okawaru
Qazlal
Ru
Trog
Wu Jian
Xom
Yredelemnul
Zin
The Shining One


Innate Abilities, Weirdness & Mutations

You are immune to sickness and miasma.
You are immune to poison.
Your flesh is very heat resistant. (rF++)
You are vulnerable to cold. (rC-)
You float through the air rather than walking.
You learn spells naturally, not from books.
Your magical power is your life essence.
You have superior vitality. (+4 MHP)


Message History

The gnoll hits you but does no damage.
The wall freezes the gnoll but does no damage.
The gnoll throws a throwing net.
The throwing net hits you.
You become entangled in the net!
The gnoll sergeant hits you from afar with a +0 glaive!
The gnoll barely misses you.
The wall freezes the wolf but does no damage.
The wolf bites you but does no damage.
You struggle against the net.
The wall freezes the wolf.
The wolf bites you.
The gnoll sergeant completely misses you.
The wall freezes the gnoll.
The gnoll barely misses you.
The wall freezes the gnoll.
The gnoll hits you but does no damage.
The gnoll sergeant hits you from afar with a +0 glaive!
* * * LOW HITPOINT WARNING * * *
The gnoll closely misses you.
Casting: Summon Ice Beast (dangerous; 1% risk of failure)
Confirm with . or Enter, or press ? or * to list all spells.
Your icy armour and frozen ramparts will break if you move.
Continue?
You blink.
Your icy armour cracks and falls away as you move.
The frozen ramparts melt away as you move.
* * * LOW HITPOINT WARNING * * *
The wolf attacks as you move away! The wolf barely misses you.
You feel stable enough to blink again. The wolf barely misses you.
The wolf attacks as you move away! You block the wolf's attack.
Your ice beast closely misses the gnoll sergeant.
The gnoll sergeant hits you from afar with a +0 halberd!
* * * LOW HITPOINT WARNING * * *
The wolf bites you!
* * * LOW HITPOINT WARNING * * *
Okay, then.
Okay, then.
Aiming: Mindburst
Press: ? - help, Shift-Dir - straight line, f - wolf
Aim: a wolf (severely wounded, chance to affect: 64%)
The wolf struggles to resist.
The wolf misses you.
The gnoll sergeant hits your ice beast with a +0 glaive.
The gnoll sergeant hits you from afar with a +0 halberd.
You die...

♣≈≈...#############...≈≈♣♣
♣≈...##.8... ###..≈.♣
♣≈..##...... #..≈.♣♣
♣≈..#....... #..≈..♣
♣≈..#.)...##### #..≈...
♣≈..#))).##...## #..≈...
♣≈(.##'###.....######..≈...
♣≈.)....#.......#...'...)..
♣≈..)..Ygh@.8...'...)...)..
♣≈..).gg#.......#...').....
♣≈..##(###.....######).≈...
♣≈..#gg.g##...## #..≈..♣
♣≈..#..ggg##### #..≈..♣
♣≈..#.g.gg.. #..≈..♣
♣≈..##....g... #..≈.♣♣
♣≈...##.8..... ###..≈.♣
♣≈≈..g#############...≈≈♣♣


You could see 2 gnoll sergeants, a wolf (ally target), a gnoll (swift) and a
friendly ice beast (summoned).

Vanquished Creatures
  Maurice (D:8)
  An unseen horror (D:9)
  Psyche (D:8)
  Sigmund (D:2)
  4 yaks
  Eustachio (D:6)
  A wyvern (D:8)
  A steam dragon (D:7)
  Menkaure (D:6)
  2 water moccasins
  2 orc warriors
  A black bear (D:7)
  An ogre (D:7)
  2 phantoms (D:6)
  A bullfrog (D:7)
  2 necrophages
  2 gnoll sergeants (Bailey)
  5 wights
  6 killer bees
  2 orc priests (D:7)
  5 hounds
  2 jellies
  Crazy Yiuf (D:6)
  6 gnoll boudas
  Jessica (D:2)
  An iguana (D:6)
  4 orc wizards
  Robin (D:2)
  10 adders
  18 gnolls
  A shadow imp (D:6)
  3 white imps (D:6)
  2 ufetubi (D:5)
  4 worms
  4 dart slugs
  23 orcs
  7 endoplasms
  3 giant cockroaches
  21 goblins
  5 hobgoblins
  7 jackals
  4 quokkas
  8 ball pythons
  5 bats
  4 frilled lizards
  8 kobolds
  8 rats
204 creatures vanquished.

Vanquished Creatures (collateral kills)
  An ice beast (D:6)
  An ogre (D:6)
  A kobold brigand (D:6)
  A wight (D:6)
  A jelly (D:7)
  2 orc priests (D:6)
  3 kobolds (D:6)
10 creatures vanquished.

Grand Total: 214 creatures vanquished

Notes
Turn   | Place    | Note
-------+----------+-------------------------------------------
     0 | D:1      | NinjaNoafa the Djinni Ice Elementalist began the quest for
                  | the Orb.
     0 | D:1      | NinjaNoafa set off with the following spells memorised:
                  | Freeze, Frozen Ramparts, Ozocubu's Armour, Summon Ice
                  | Beast.
     0 | D:1      | Reached XP level 1. HP: 15/15 MP: 0/0
   185 | D:1      | Reached XP level 2. HP: 18/22 MP: 0/0
   401 | D:1      | Reached skill level 1 in Fighting
   636 | D:1      | Reached XP level 3. HP: 22/27 MP: 0/0
   636 | D:1      | Learned a level 1 spell: Shock
   885 | D:1      | Found a blossoming altar of Fedhas.
  1008 | D:2      | Noticed Robin
  1044 | D:2      | Reached skill level 1 in Shields
  1123 | D:2      | Reached XP level 4. HP: 26/33 MP: 0/0
  1364 | D:2      | Killed Robin
  1410 | D:2      | Noticed Jessica
  1418 | D:2      | Killed Jessica
  1419 | D:2      | Reached skill level 4 in Spellcasting
  1419 | D:2      | Reached XP level 5. HP: 31/39 MP: 0/0
  1419 | D:2      | Learned a level 2 spell: Blink
  1538 | D:2      | Found a faded altar of an unknown god.
  1721 | D:2      | Noticed Sigmund
  1902 | D:2      | Killed Sigmund
  1903 | D:2      | Reached XP level 6. HP: 27/45 MP: 0/0
  2274 | D:3      | Reached XP level 7. HP: 43/49 MP: 0/0
  2274 | D:3      | Learned a level 2 spell: Scorch
  2636 | D:4      | You are sucked into a shaft and drop 1 floor!
  2636 | D:5      | Entered Level 5 of the Dungeon
  2848 | D:5      | Noticed a yak
  2912 | D:5      | Killed a yak
  2913 | D:5      | Reached skill level 5 in Shields
  3387 | D:4      | Reached XP level 8. HP: 33/56 MP: 0/0
  4310 | D:5      | Reached skill level 5 in Spellcasting
  4540 | D:6      | Found a runed translucent door.
  4541 | D:6      | Noticed Crazy Yiuf
  4589 | D:6      | Noticed a yak
  4594 | D:6      | Noticed a yak
  4594 | D:6      | Noticed a yak
  4622 | D:5      | Killed a yak
  4681 | D:5      | Killed a yak
  4765 | D:6      | Found a staircase to the Ecumenical Temple.
  4780 | Temple   | Entered the Ecumenical Temple
  4911 | Temple   | Became a worshipper of Ashenzari the Shackled
  4949 | Temple   | Reached skill level 6 in Spellcasting
  5048 | D:6      | Reached XP level 9. HP: 26/64 MP: 0/0
  5048 | D:6      | Learned a level 4 spell: Airstrike
  5055 | D:6      | Reached skill level 5 in Fighting
  5584 | D:5      | Reached skill level 7 in Spellcasting
  5737 | D:6      | Noticed Eustachio
  5743 | D:6      | Killed Eustachio
  5891 | D:6      | Identified the amulet "Xulubod" {Faith rC+ Str+2 Int-5
                  | SInv}
  6016 | D:6      | Noticed Menkaure
  6029 | D:6      | Killed Menkaure
  6502 | D:6      | Killed Crazy Yiuf
  6615 | D:7      | Reached skill level 8 in Spellcasting
  6615 | D:7      | Reached XP level 10. HP: 61/73 MP: 0/0
  7523 | D:8      | Noticed Maurice
  7530 | D:8      | Killed Maurice
  7531 | D:8      | Reached skill level 9 in Spellcasting
  7643 | D:8      | Noticed Psyche
  7647 | D:8      | Killed Psyche
  7715 | D:8      | Identified the +9 quarterstaff of Rotation {spect, Dex+4}
  7718 | D:8      | Found an iron altar of Okawaru.
  8055 | D:8      | Reached skill level 1 in Short Blades
  8635 | D:9      | Found a flagged portal.
  8637 | D:9      | Noticed an unseen horror
  8655 | D:9      | Killed an unseen horror
  8669 | Bailey   | Entered a bailey
  9279 | Bailey   | HP: 2/76 [wolf (8)]
  9280 | Bailey   | Slain by a gnoll sergeant

Illustrated notes

Levels and vault maps discovered:
D:1:      dpeg_arrival_water_altar, layout_loops_corners, serial_glass,
          glass_columns_a, glass_columns_b, minmay_tetromino_t4
D:2:      layout_rooms, dilly_ecumenical_altar_fadedgnrine, dk_noncrumbling_3,
          uniq_sigmund, uniq_robin, uniq_jessica
D:3:      layout_rooms
D:4:      layout_loops_corners
D:5:      layout_basic, minmay_manual_mess
D:6:      layout_loops_ring, minmay_temple_entry_arrows, uniq_menkaure,
          uniq_crazy_yiuf_cottage, uniq_eustachio
D:7:      layout_rooms
D:8:      layout_loops_corners, nicolae_overflow_crystal_walls, uniq_maurice,
          uniq_psyche
D:9:      layout_gridville, enter_bailey_2, uniq_joseph
Temple:   nicolae_temple_bog_church
Bailey:   bailey_polearm_gnolls_kennysheep, bailey

Skill      XL: |  1  2  3  4  5  6  7  8  9 10 |
---------------+-------------------------------+-----
Fighting       | 1 2 3 4 6 7 |  7.7
Shields        | 1 4 5 |  5.0
Spellcasting   | 4 6 8 9 |  9.7
Dodging        | 4 |  4.0
Short Blades   | 1 |  1.3
Stealth        | |  1.5

Action                   |  1- 3 |  4- 6 |  7- 9 | 10-12 || total
-------------------------+-------+-------+-------+-------++-------
Melee: Unarmed           |     3 |       |       |       ||     3
       Dagger            |     1 |     4 |    12 |     2 ||    19
 Cast: Freeze            |    28 |    16 |     2 |       ||    46
       Shock             |    31 |    74 |    76 |    31 ||   212
       Frozen Ramparts   |       |     5 |    11 |     4 ||    20
       Ozocubu's Armour  |       |     1 |    10 |     4 ||    15
       Blink             |       |     2 |     3 |     2 ||     7
       Scorch            |       |       |    62 |    39 ||   101
       Summon Ice Beast  |       |       |     6 |     6 ||    12
       Airstrike         |       |       |    29 |    33 ||    62
Invok: Curse Item        |       |       |       |     1 ||     1
Evoke: Wand              |       |       |       |     1 ||     1
  Use: Potion            |       |       |     1 |       ||     1
       Scroll            |       |       |       |     1 ||     1
Armor: Robe              |     9 |    11 |    11 |    22 ||    53
Dodge: Dodged            |    18 |    41 |   101 |    63 ||   223
Block: Buckler           |       |     5 |    23 |    22 ||    50

Table legend: (Time is in decaauts)
 A = Elapsed time spent in this place.
 B = Non-inter-level travel time spent in this place.
 C = Inter-level travel time spent in this place.
 D = Time resting spent in this place.
 E = Time spent auto-exploring this place.
 F = Levels seen in this place.
 G = Mean time per level.
                   A        B        C        D        E       F      G
               +--------+--------+--------+--------+--------+-----+--------+
         Total |   9293 |   8620 |    673 |      0 |   7229 |  11 |  844.8 |
       Dungeon |   8428 |   7807 |    621 |      0 |   6535 |   9 |  936.4 |
        Temple |    254 |    202 |     52 |      0 |    172 |   1 |  254.0 |
        Bailey |    610 |    610 |      0 |      0 |    522 |   1 |  610.0 |
               +--------+--------+--------+--------+--------+-----+--------+

Top non-repeatable levels by time:
     D:6: 1562 daAuts
     D:1: 1208 daAuts
     D:5: 1155 daAuts
     D:8: 1082 daAuts
     D:4: 1025 daAuts
     D:7: 898 daAuts
     D:2: 793 daAuts
     D:3: 638 daAuts
  Bailey: 610 daAuts
  Temple: 254 daAuts
     D:9: 63 daAuts
